 Dungeon Crawl Stone Soup version 0.24-a0-230-g536ed4e33c (webtiles) character file.

Game seed: 1967525263299978785

223 Redear the Ducker (level 6, -2/43 HPs)
             Began as an Octopode Fighter on Apr 3, 2019.
             Slain by Eustachio
             ... wielding a +0 falchion
              (5 damage)
             ... on level 4 of the Dungeon.
             The game lasted 00:06:58 (2504 turns).

Redear the Ducker (Octopode Fighter)                Turns: 2504, Time: 00:06:59

Health: -2/43      AC:  1    Str: 15    XL:     6   Next: 0%
Magic:  6/6        EV: 15    Int: 10    God:
Gold:   89         SH:  0    Dex: 14    Spells: 5/5 levels left

rFire    . . .     SeeInvis .   a - +0 long sword
rCold    . . .     Gourm    .   (no shield)
rNeg     . . .     Faith    .   (helmet restricted)
rPois    .         Spirit   .   (no amulet)
rElec    .         Reflect  .   (no ring)
rCorr    .         Harm     .   (no ring)
MR       .....                  (no ring)
Stlth    +++.......             (no ring)
HPRegen  0.14/turn              (no ring)
MPRegen  0.10/turn              (no ring)
                                (no ring)
                                (no ring)

@: very slightly contaminated, invisible (expiring)
A: almost no armour, stealthy swim, amphibious, 8 rings, constrict 8, camouflage
1, gelatinous body 1
a: no special abilities


You were on level 4 of the Dungeon.
You were not hungry.

You visited 1 branch of the dungeon, and saw 5 of its levels.

You collected 89 gold pieces.

Inventory:

Hand Weapons
 a - a +0 long sword (weapon)
 n - a +0 hunting sling
Missiles
 k - 47 stones (quivered)
 r - 13 arrows
 w - 37 sling bullets
 Q - 15 bolts
Armour
 b - a +0 shield
Wands
 s - a wand of flame (14)
 D - a wand of digging (6)
Scrolls
 e - a scroll of enchant weapon {unknown}
 g - 2 scrolls of fear {unknown}
 h - 2 scrolls of amnesia {unknown}
 i - a scroll of immolation {unknown}
 j - a scroll of magic mapping {unknown}
 l - 3 scrolls of teleportation {unknown}
 m - 3 scrolls of identify {unknown}
 o - 2 scrolls of fog {unknown}
 p - 2 scrolls of random uselessness {unknown}
 v - a scroll of remove curse {unknown}
 y - a scroll of enchant armour {unknown}
Potions
 c - a potion of might
 q - a potion of agility {unknown}
 t - 2 potions of haste
 u - a potion of brilliance {unknown}
 x - a potion of lignification {unknown}
Comestibles
 d - 5 rations
 z - 2 chunks of flesh


   Skills:
 + Level 3.8 Fighting
 + Level 3.2 Long Blades
 + Level 4.0 Dodging
 + Level 3.3 Stealth
 + Level 3.9 Shields


You had 5 spell levels left.
You didn't know any spells.
Your spell library was empty.

Dungeon Overview and Level Annotations

Branches:
Dungeon (5/15)
 Temple: D:4-7

Altars:
Cheibriados

Annotations:
D:4 Eustachio


Innate Abilities, Weirdness & Mutations

You cannot wear most types of armour.
You are very stealthy in the water. (Stealth+)
You are amphibious.
You can wear up to eight rings at the same time.
You can use your tentacles to constrict eight enemies at once.
Your skin changes colour to match your surroundings (Stealth+).
Your rubbery body absorbs attacks. (AC +1, EV +1)


Message History

A hound and 3 orcs come into view.
There is a stone staircase leading up here.
The helpless orc fails to defend itself.
You slash the orc!
You kill the orc!
You have reached level 6!
Your experience leads to an increase in your attributes!
Increase (S)trength, (I)ntelligence, or (D)exterity?
You feel agile.
The orc shouts! x2; The hound barks!
MP restored: 6 Unknown command.
There are monsters nearby!
Unknown command.
Something unseen opens the door.
You climb upwards.
Level annotation: Eustachio You flicker for a moment.
Something hits you.
You die...

#.....#...##....####
#.....########....#
#..... ...........#
#..... ...........#
+..... ...........+
+#.....########...##
.............##...#
.............#....#
.......@.....#....#
.............#....#
...
.............'....#
.....
.............#....#
.....
.............#+####
# ###+##.......# #
#.......# +
+.......# #
#.r.....+


There were no monsters in sight!

Levels and vault maps discovered:
D:1:      lemuel_arrival_tunnels, layout_basic, minmay_crystal_room
D:2:      layout_loops_ring, minivault_25, bh_walls_and_bars
D:3:      layout_loops_ring, cheibriados_altar_1, first_ration,
          roderic_three_in_a_row, grunt_ministairs_4, kennysheep_generic_room_6,
          uniq_ijyb
D:4:      layout_gridville, nicolae_ashenzari_panopticon,
          okawaru_ov_weapons_minmay, minivault_19,
          nicolae_ru_the_path_less_chosen, uniq_pikel, uniq_eustachio
D:5:      layout_rooms, xom_confusion_cloud, kennysheep_mini_moat,
          minmay_temple_entry_tees

Notes
Turn   | Place    | Note
-------+----------+-------------------------------------------
     0 | D:1      | Redear the Octopode Fighter began the quest for the Orb.
     0 | D:1      | Reached XP level 1. HP: 16/16 MP: 1/1
   121 | D:1      | Identified a +0 dagger
   155 | D:1      | Reached XP level 2. HP: 14/21 MP: 2/2
   482 | D:1      | Reached skill level 1 in Stealth
   538 | D:1      | Identified a +0 whip
   747 | D:2      | Identified a cursed -2 club
   772 | D:2      | Identified a +0 club
   871 | D:2      | Reached XP level 3. HP: 17/26 MP: 3/3
   960 | D:2      | Identified a +0 dagger
  1023 | D:2      | Identified a +0 club
  1077 | D:2      | Reached skill level 2 in Stealth
  1077 | D:2      | Reached XP level 4. HP: 20/31 MP: 4/4
  1439 | D:3      | Identified a +0 club
  1505 | D:3      | Identified a +0 dagger
  1505 | D:3      | Identified a +0 ring mail
  1505 | D:3      | Noticed Ijyb
  1517 | D:3      | Killed Ijyb
  1692 | D:3      | Found a snail-covered altar of Cheibriados.
  1830 | D:3      | Reached XP level 5. HP: 27/36 MP: 5/5
  2103 | D:3      | Reached skill level 3 in Long Blades
  2103 | D:3      | Reached skill level 3 in Stealth
  2300 | D:4      | Identified a +0 short sword
  2300 | D:4      | Identified a +0 leather armour
  2340 | D:4      | Reached skill level 4 in Dodging
  2399 | D:4      | Identified a +0 mace
  2465 | D:4      | Identified a +0 falchion
  2465 | D:4      | Identified a +0 leather armour
  2465 | D:4      | Noticed Eustachio
  2494 | D:4      | HP: 1/37 [something (10)]
  2501 | D:5      | Entered Level 5 of the Dungeon
  2501 | D:5      | Identified a +0 dagger
  2501 | D:5      | Identified a +0 leather armour
  2501 | D:5      | Identified a cursed +0 leather armour
  2502 | D:5      | Reached XP level 6. HP: 2/43 MP: 6/6
  2503 | D:5      | Identified a +0 hand axe
  2503 | D:5      | Identified a +0 robe
  2504 | D:4      | Slain by Eustachio

Table legend:
 A = Turns spent in this place as a percentage of turns spent in the entire game.
 B = Non-inter-level travel turns spent in this place as a percentage of non-inter-level travel turns spent in the entire game.
 C = Inter-level travel turns spent in this place as a percentage of turns spent in this place.
 D = Turns resting spent in this place as a percentage of non-inter-level travel turns spent in this place.
 E = Turns spent auto-exploring this place as a percentage of non-inter-level travel turns spent in this place.
 F = Non-inter-level travel turns spent in this place divided by the number of levels of this place that you've seen.
                   A       B       C       D       E      F
               +-------+-------+-------+-------+-------+----------------------
         Total | 100.0 | 100.0 |   6.8 |   6.7 |  71.9 | 466.8
       Dungeon | 100.0 | 100.0 |   6.8 |   6.7 |  71.9 | 466.8
               +-------+-------+-------+-------+-------+----------------------

Table legend:
 A = Kills in this place as a percentage of kills in entire the game.
 B = Kills by you in this place as a percentage of kills by you in the entire game.
 C = Kills by friends in this place as a percentage of kills by friends in the entire game.
 D = Other kills in this place as a percentage of other kills in the entire game.
 E = Experience gained in this place as a percentage of experience gained in the entire game.
 F = Experience gained in this place divided by the number of levels of this place that you have seen.
                   A       B       C       D       E      F
               +-------+-------+-------+-------+-------+----------------------
         Total | 100.0 | 100.0 |   N/A |   N/A | 100.0 |  63.8
       Dungeon | 100.0 | 100.0 |   N/A |   N/A | 100.0 |  63.8
               +-------+-------+-------+-------+-------+----------------------

Skill      XL: |  1  2  3  4  5 |
---------------+----------------+-----
Stealth        | 1 2 3 |  3.3
Long Blades    | 3 |  3.2
Dodging        | 4 |  4.0
Fighting       | |  3.8
Shields        | |  3.9

Action                   |  1- 3 |  4- 6 || total
-------------------------+-------+-------++-------
Melee: Long sword        |    45 |    74 ||   119
       Constrict         |    12 |    24 ||    36
       Tentacles         |     4 |    16 ||    20
  Use: Potion            |       |     1 ||     1
 Stab: Sleeping          |    11 |    16 ||    27
       Invisible         |       |     3 ||     3
  Eat: Chunk             |       |     5 ||     5
Armor: Skin              |     3 |     1 ||     4
Dodge: Dodged            |    27 |    54 ||    81
       Rpst.: Long sword |     7 |    17 ||    24

Vanquished Creatures
  A scorpion (D:3)
  A hound (D:2)
  An iguana (D:4)
  Ijyb (D:3)
  An adder (D:3)
  An ooze (D:3)
  4 worms
  3 dart slugs
  3 orcs
  2 giant cockroaches (D:3)
  3 goblins (D:2)
  9 hobgoblins
  6 jackals (D:3)
  A quokka (D:3)
  2 ball pythons
  13 bats
  2 frilled lizards (D:1)
  5 kobolds
  6 rats
65 creatures vanquished.

Vanquished Creatures (others)
  A leopard gecko (D:5)
1 creature vanquished.

Grand Total: 66 creatures vanquished
